[Event "Early-Titled-Tuesday-Blitz-February-13-2024"]
[Site "Chess.com"]
[Date "2024.02.13"]
[Round "4"]
[White "Karttunen"]
[Black "shimastream"]
[Result "0-1"]
[WhiteElo "2626"]
[BlackElo "2999"]
[TimeControl "180+1"]
[EndTime "8:43:43 PST"]
[Termination "shimastream won by resignation"]

1. e4 b6 2. d4 Bb7 3. Bd3 e6 4. Qe2 Nf6 5. Nd2 c5 6. d5 exd5 7. exd5+ Qe7 8. c4 d6 9. Ngf3 Nbd7 10. O-O Qxe2 11. Bxe2 g6 12. Re1 Bg7 13. Bd1+ Kf8 14.
Nf1 h6 15. Ba4 Rd8 16. Bf4 Nb8 17. Re2 g5 18. Bg3 a6 19. Rae1 Kg8 20. Ne3 Bc8 21. Bc2 Nh5 22. Nf5 Bxf5 23. Re8+ Rxe8 24. Rxe8+ Bf8 25.
Bxf5 Ng7 26. Rxf8+ Kxf8 27. Bxd6+ Ke8 28. Bxb8 Nxf5 29.
Ba7 Nd6 30. Bxb6 Nxc4 31. Bxc5 Kd7 32. b3 Na5 33. Bb4 Nb7 34. Nd4 Re8 35. Nc6 Nd6 36.
f3 f5 37. Kf2 f4 38. g4 fxg3+ 39. hxg3 h5 40. Bc3 h4 41. gxh4 gxh4 42. Ne5+ Kc7 43.
Ng6 Nf5 44. Bd2 Kd6 45. Bg5 Kxd5 46. Nxh4 Nd4 47. Be3 Nc2 48. Bd2 Nd4 49. Be3 Nc6 50.
Ng2 Nb4 51. Nf4+ Kc6 52. a3 Nc2 53. Bd2 Nxa3 54. Nd3 Nc2 55. Nb4+ Nxb4 56. Bxb4 Rb8 0-1

[Event "Early-Titled-Tuesday-Blitz-February-13-2024"]
[Site "Chess.com"]
[Date "2024.02.13"]
[Round "4"]
[White "Shahdad2007"]
[Black "ChessQueen"]
[Result "1/2-1/2"]
[WhiteElo "2482"]
[BlackElo "2682"]
[TimeControl "180+1"]
[EndTime "8:43:43 PST"]
[Termination "Game drawn by repetition"]

1. Nf3 f5 2. g3 Nf6 3. Bg2 g6 4. O-O Bg7 5. c4 O-O 6. Nc3 d6 7. d4 a5 8. b3 c6 9. Bb2 Nbd7 10. d5 Nc5 11. dxc6 bxc6 12. Nd4 Qc7 13. Nxc6 Nce4 14.
Nd4 Bd7 15. Rc1 a4 16. Nxa4 Bxa4 17. bxa4 Qd7 18. Nb5 Rac8 19. a5 Nc5 20. Nc3 f4 21. Nd5 fxg3 22. hxg3 Rb8 23. Bxf6 Bxf6 24. Nxf6+ Rxf6 25.
Rb1 Rbf8 26. Qd4 Qa4 27. Qd2 Kg7 28. Qc3 e5 29. a3 R8f7 30. Rb5 Ra7 31. Rc1 Raf7 32.
Qb4 Rxf2 33. Qxa4 Nxa4 34. a6 Nc5 35. Rxc5 dxc5 36. Bd5 R2f6 37. Bxf7 Rxf7 38. Rb1 Rf6 39. Rb7+ Kh6 40. Ra7 Kg5 41. Kg2 h5 42. Rc7 Rxa6 43. Rxc5 Kf5 44. Rd5 Rxa3 45. Rd3 Ra2 46. Kf2 Rc2 47.
Rf3+ Kg4 48. Re3 Rxc4 49. Rxe5 g5 50. Ra5 Rc3 51. Ra4+ Kh3 52. Ra1 Rxg3 53. Rh1+ Kg4 54. Rxh5 Ra3 55. Rh2 Ra2 56. Rg2+ Kf4 57. Rh2 g4 58. Rg2 Rb2 59. Rg1 Ra2 60. Rg2 Ra3 61. Rg1 g3+ 62. Kg2 Re3 63. Rf1+ Kg4 64. Rf8 Rxe2+ 65. Kg1 Re1+ 66. Kg2 Re2+ 67. Kg1 Re1+ 68. Kg2 Re2+ 1/2-1/2

[Event "Early-Titled-Tuesday-Blitz-February-13-2024"]
[Site "Chess.com"]
[Date "2024.02.13"]
[Round "4"]
[White "KetiTsatsalashvili"]
[Black "amiqu"]
[Result "1-0"]
[WhiteElo "2471"]
[BlackElo "2056"]
[TimeControl "180+1"]
[EndTime "8:43:43 PST"]
[Termination "KetiTsatsalashvili won by resignation"]

1. d4 Nf6 2. Nf3 d5 3. e3 e6 4. Bd3 c5 5. b3 Nc6 6. Bb2 Qc7 7.
Ne5 Nxe5 8. dxe5 Nd7 9. f4 c4 10. Be2 Bc5 11. Bd4 b5 12. O-O Bb7 13. a4 a6 14. axb5 axb5 15. Rxa8+ Bxa8 16. Nc3 Bc6 17. Bxc5 Nxc5 18. Qd4 Nd7 19. Ra1 O-O 20. Ra7 Qb8 21. bxc4 bxc4 22. h3 Qb2 23. Ra2 Qc1+ 24. Kh2 Rb8 25.
Bd1 h6 26. Ra6 Bb7 27. Ra7 Bc6 28. Ne2 Qb2 29. Qxb2 Rxb2 30. Nd4 Nb8 31. Rc7 Be8 32. Rc8 Kf8 33. Nxe6+ fxe6 34. Bh5 Ke7 35. Rxe8+ Kd7 36. Bg6 Nc6 37. Rg8 Ne7 38. Rxg7 Kd8 39. Bh7 Nf5 40.
Bxf5 exf5 41. e6 Rxc2 42. Rd7+ Ke8 43. Rxd5 Re2 44. Rc5 Rxe3 45. Rxc4 Ke7 46. Rc6 Rxe6 47. Rxe6+ Kxe6 48. Kg3 Kf6 49. Kh4 Kg6 50. g4 h5 51.
g5 Kf7 52. Kg3 Kg6 53. Kf3 Kf7 54. Ke3 Ke6 55. Kd4 Kd6 56. h4 Ke6 57. Kc5 Ke7 58.
Kd5 Kf7 59. Ke5 Kg6 60. Ke6 Kg7 61. Kxf5 1-0

[Event "Early-Titled-Tuesday-Blitz-February-13-2024"]
[Site "Chess.com"]
[Date "2024.02.13"]
[Round "4"]
[White "Zhigalko_Sergei"]
[Black "Arystanner"]
[Result "1-0"]
[WhiteElo "2972"]
[BlackElo "2814"]
[TimeControl "180+1"]
[EndTime "8:43:45 PST"]
[Termination "Zhigalko_Sergei won by resignation"]

1. e4 e5 2. Nf3 Nc6 3. Bb5 Nge7 4. O-O Ng6 5. c3 d5 6. d4 dxe4 7. Nxe5 Nxe5 8. dxe5 Qxd1 9. Rxd1 Bd7 10. Bf4 O-O-O 11. Bc4 Be6 12. Bxe6+ fxe6 13. Rxd8+ Kxd8 14. Nd2 e3 15.
Bxe3 Nxe5 16. Ne4 Be7 17. Bd4 Bf6 18. Nc5 Ke7 19. Re1 b6 20. Bxe5 bxc5 21. Bxc7 c4 22. Kf1 Rc8 23. Bf4 Rc5 24. Re4 Kd7 25. Be3 Rb5 26. Bc1 Rc5 27. Ke2 a6 28. Kd1 Kd6 29.
Be3 Rc8 30. f3 Kd5 31. Kc2 h5 32. h3 h4 33. Bd4 e5 34. Bf2 g5 35. Be3 Be7 36.
Rg4 Rg8 37. b3 cxb3+ 38. axb3 Ke6 39. Ra4 Ra8 40. Kd3 Kf5 41. Ra5 Bf6 42. c4 Rb8 43.
Kc2 Ra8 44. b4 Bd8 45. Ra4 Rc8 46. Kb3 Rc6 47. Ra2 Bc7 48. Rd2 e4 49. Rd5+ Kg6 50. Rxg5+ Kf6 51. fxe4 Re6 52. Rg4 Bg3 53. Bg5+ Ke5 54.
Bxh4 Bh2 55. Bg3+ Bxg3 56. Rxg3 Kd4 57. c5 1-0

[Event "Early-Titled-Tuesday-Blitz-February-13-2024"]
[Site "Chess.com"]
[Date "2024.02.13"]
[Round "4"]
[White "MyDream003"]
[Black "SouS007"]
[Result "1-0"]
[WhiteElo "2716"]
[BlackElo "2508"]
[TimeControl "180+1"]
[EndTime "8:43:46 PST"]
[Termination "MyDream003 won by checkmate"]

1. Nf3 g5 2. Nxg5 e5 3. d4 h6 4. Nh3 d6 5. dxe5 Bxh3 6. gxh3 Nc6 7. exd6 Bxd6 8. Nc3 Qh4 9. Qd3 O-O-O 10. Qe4 Qxe4 11. Nxe4 Nb4 12. Kd1 Nf6 13. Nd2 Rhg8 14. a3 Nbd5 15. c4 Nb6 16. Kc2 a5 17. e3 a4 18. Rb1 Nfd7 19. Ne4 Be7 20. Bd2 Ne5 21. c5 Nd5 22. b4 axb3+ 23. Rxb3 f5 24. Ng3 Nf3 25. Bc1 Bxc5 26. Nxf5 Nf6 27. Be2 Rg2 28. Rf1 Nxh2 29. Nh4 Rg5 30. Rh1 Bd6 31. f4 Rc5+ 32. Rc3 Rxc3+ 33.
Kxc3 Ne4+ 34. Kc2 Be7 35. Nf5 Bf6 36. Rxh2 Rd5 37. Nd4 Rc5+ 38. Kb2 Rc3 39. Bf3 c5 40. Bxe4 cxd4 41. Rc2 dxe3 42. Rxc3+ Bxc3+ 43. Kxc3 Kd7 44. Bxe3 Kd6 45. Kd3 b5 46. Bf3 Kc7 47. Kc3 Kd6 48. Kb4 Ke6 49. Kxb5 Kf5 50. a4 h5 51. a5 h4 52. a6 Kg6 53. a7 Kf6 54. a8=Q Kg6 55. Qh8 Kf7 56. Qxh4 Kg6 57. Qg5+ Kf7 58. Bd5+ Kf8 59.
Qf6+ Ke8 60. Bc6# 1-0

[Event "Early-Titled-Tuesday-Blitz-February-13-2024"]
[Site "Chess.com"]
[Date "2024.02.13"]
[Round "4"]
[White "KbzasDavid16"]
[Black "Chessdude1987"]
[Result "1-0"]
[WhiteElo "2550"]
[BlackElo "2384"]
[TimeControl "180+1"]
[EndTime "8:43:46 PST"]
[Termination "KbzasDavid16 won by checkmate"]

1. e4 e6 2. Qe2 c5 3. Nf3 Nc6 4.
g3 g6 5. c3 Bg7 6. Bg2 Nge7 7.
O-O d6 8. d3 O-O 9. Nbd2 e5 10.
Nc4 h6 11. a4 Be6 12. h4 Qd7 13. Nfd2 f5 14. h5 g5 15. exf5 Bxf5 16. Ne4 Nc8 17. Be3 b6 18. a5 d5 19. axb6 dxe4 20. dxe4 Bg4 21. f3 Be6 22. Bxc5 Re8 23. Rfd1 Qb7 24.
bxa7 N6xa7 25. b4 Qb5 26. Bf1 Qb7 27. Qa2 Bf8 28. Bxf8 Rxf8 29. Qa6 Qf7 30. Nxe5 Qf6 31. Bc4 Bxc4 32. Qxf6 Rxf6 33. Rd8+ Rf8 34. Rxf8+ Kxf8 35. Nxc4 Rb8 36. Kf2 Nb5 37. Ne3 Nxc3 38. Nf5 Rxb4 39. Ra8 Rc4 40. Nd6 Rc6 41. Rxc8+ Rxc8 42. Nxc8 Kf7 43.
Nd6+ Ke6 44. Nf5 Kf6 45. Nxh6 Nd1+ 46. Ke2 Nc3+ 47. Kd3 Nb5 48. Ng4+ Kg7 49. e5 Nc7 50. Ke4 Ne6 51. Kf5 Kf7 52. Ne3 Nd4+ 53. Kg4 Kg7 54.
Nf5+ Nxf5 55. Kxf5 Kh6 56. e6 Kg7 57. Kxg5 Kf8 58.
Kf6 Ke8 59. e7 Kd7 60. Kf7 Kd6 61. e8=Q Kc5 62. Qe6 Kd4 63. h6 Kc3 64. h7 Kd4 65.
h8=Q+ Kd3 66. Qd8+ Kc2 67. Qc6+ Kb2 68. Qb8+ Ka2 69.
Qca8# 1-0

[Event "Early-Titled-Tuesday-Blitz-February-13-2024"]
[Site "Chess.com"]
[Date "2024.02.13"]
[Round "4"]
[White "Pertinhez76"]
[Black "Schattman"]
[Result "0-1"]
[WhiteElo "2168"]
[BlackElo "2386"]
[TimeControl "180+1"]
[EndTime "8:43:48 PST"]
[Termination "Schattman won by checkmate"]

1. e4 c6 2. Nc3 d5 3. Nf3 Nf6 4.
d3 Bg4 5. h3 Bh5 6. g4 Bg6 7.
Qe2 e6 8. Bg2 Bb4 9. Bd2 d4 10.
Nb1 Bxd2+ 11. Nbxd2 c5 12. a4 Nc6 13. Nc4 Qc7 14. a5 e5 15. a6 b5 16. Na3 Rb8 17. c4 dxc3 18. bxc3 O-O 19. O-O Rfd8 20. Rfb1 b4 21.
cxb4 Nxb4 22. Rb3 Nxa6 23. Rc3 Nd7 24. Nc4 Nb4 25. Rca3 Ra8 26. Bf1 f6 27. Nh4 Bf7 28. Nf5 Bxc4 29. dxc4 Nc6 30. Qa2 a5 31. Ne3 Nb4 32.
Rxa5 Nxa2 33. R5xa2 Rxa2 34. Rxa2 Nb6 35. Be2 g6 36. h4 Kg7 37. Ra6 Kh6 38. Kg2 Ra8 39. Rxa8 Nxa8 40. Nd5 Qd6 41. Kg3 Nb6 42. Ne3 Qd2 43. Bf1 Na4 44. Nd5 Kg7 45. Ne3 Nc3 46. Bg2 Nd1 47. Nxd1 Qxd1 48. Bf3 Qd3 49. Kg2 Qxc4 50.
Kg3 Qd4 51. g5 c4 52. gxf6+ Kxf6 53. h5 gxh5 54. Kh4 Qd2 55. Kg3 Qf4+ 56. Kg2 h4 57.
Bd1 c3 58. Ba4 Qd2 59. Kf3 c2 60. Bxc2 Qxc2 61. Kg4 Qxe4+ 62. f4 Qxf4+ 63. Kh3 Qg3# 0-1

[Event "Early-Titled-Tuesday-Blitz-February-13-2024"]
[Site "Chess.com"]
[Date "2024.02.13"]
[Round "4"]
[White "pifion"]
[Black "omer1997"]
[Result "1-0"]
[WhiteElo "2673"]
[BlackElo "2401"]
[TimeControl "180+1"]
[EndTime "8:43:49 PST"]
[Termination "pifion won by checkmate"]

1. d4 d5 2. c4 c6 3. Nf3 Nf6 4. e3 Bf5 5. Nc3 e6 6. Nh4 Be4 7. f3 Bg6 8. Qb3 Qc7 9. Bd2 Nbd7 10. O-O-O Be7 11. Nxg6 hxg6 12. g3 a6 13. Kb1 dxc4 14.
Bxc4 b5 15. Be2 c5 16. dxc5 Nxc5 17. Qc2 O-O 18. Rc1 Qb7 19. e4 Rac8 20. Be3 b4 21.
Na4 Ncxe4 22. Qd3 Nd6 23. Nc5 Qd5 24. Nxa6 Qxd3+ 25. Bxd3 Nd5 26. Bd4 Nf5 27. Bf2 Bf6 28.
Be4 Nfe7 29. Nc5 Rfd8 30. Nb7 Rd7 31. Rxc8+ Nxc8 32. Nc5 Rc7 33. Bxd5 exd5 34. Rd1 Ne7 35. Nb3 Kf8 36. Bc5 Ke8 37. Bxb4 Nc6 38. Bc5 Rd7 39. Nd4 Bxd4 40. Bxd4 f6 41. Kc2 Rb7 42. b3 Kd7 43. Kb2 Ke6 44. Re1+ Kd6 45. Bf2 Rc7 46. a3 Ne5 47.
Re3 d4 48. Re2 Nd3+ 49. Kb1 Rc1+ 50. Ka2 Nxf2 51. Rxf2 d3 52. Rd2 Rh1 53. Rxd3+ Kc5 54. Rd2 Rg1 55. Kb2 Kb5 56. Rc2 Rf1 57. a4+ Kb4 58. Rc4+ Ka5 59. Ka3 Rxf3 60. Rc7 Rf2 61. Rxg7 g5 62. Rg6 Rxh2 63. Rxf6 g4 64. Rf4 Kb6 65.
Rxg4 Kc5 66. Rc4+ Kd5 67. a5 Rh1 68. Ka4 Ra1+ 69. Kb5 Rb1 70. Rb4 Ra1 71. g4 Kd6 72.
a6 Kc7 73. Rc4+ Kb8 74. Kb6 Re1 75. a7+ Ka8 76. Rc8# 1-0

[Event "Early-Titled-Tuesday-Blitz-February-13-2024"]
[Site "Chess.com"]
[Date "2024.02.13"]
[Round "4"]
[White "xakevicius91"]
[Black "ValentinDragnev"]
[Result "0-1"]
[WhiteElo "2544"]
[BlackElo "2753"]
[TimeControl "180+1"]
[EndTime "8:43:50 PST"]
[Termination "ValentinDragnev won by resignation"]

1. e4 e5 2. Nf3 Nf6 3. Nxe5 d6 4. Nf3 Nxe4 5. c4 Nc6 6. Nc3 Nxc3 7. bxc3 Be7 8. d4 O-O 9. Bd3 d5 10. h3 dxc4 11. Bxc4 Bf5 12. O-O Na5 13. Bd3 Bxd3 14. Qxd3 Bf6 15. Rb1 c5 16. Bf4 b6 17. d5 c4 18. Qd2 Qd7 19. Be5 Bxe5 20. Nxe5 Qf5 21. Rfe1 Rad8 22. Qd4 h5 23. Rbd1 Rfe8 24. d6 Re6 25. d7 f6 26. Nxc4 Rxd7 27. Qh4 Rxd1 28. Rxd1 Re4 29. Nd6 Rxh4 30. Nxf5 Rf4 31. Ne3 Ra4 32.
Rd2 Ra3 33. Rd7 Nc6 34. Rc7 Ne5 35. Nf5 g6 36. Ne7+ Kf8 37. Nd5 f5 38. Nf6 Rxa2 39.
Nh7+ Ke8 40. Nf6+ Kd8 41. Rb7 Kc8 42. Re7 Nd3 43. Nd5 Kd8 44. Rg7 Rxf2 45. Rxg6 Rd2 46.
Rg7 Ne5 47. Nf6 a5 48. Ra7 Nc4 49. Rb7 Kc8 50. Ra7 Kb8 51. Rf7 a4 52. Nxh5 a3 53. Rxf5 a2 54. Rf1 Rb2 0-1

[Event "Early-Titled-Tuesday-Blitz-February-13-2024"]
[Site "Chess.com"]
[Date "2024.02.13"]
[Round "4"]
[White "theoneandonlydaaevik"]
[Black "JiiHart"]
[Result "1-0"]
[WhiteElo "2326"]
[BlackElo "2138"]
[TimeControl "180+1"]
[EndTime "8:43:50 PST"]
[Termination "theoneandonlydaaevik won by resignation"]

1. c4 c5 2. Nf3 Nf6 3. g3 g6 4.
Bg2 Bg7 5. O-O O-O 6. Nc3 Nc6 7. d4 d5 8. dxc5 dxc4 9. Qa4 Qa5 10. Qxc4 Be6 11.
Qh4 Qxc5 12. Be3 Qh5 13. Qxh5 Nxh5 14. Rac1 Bxc3 15. Rxc3 Rfc8 16. Nd4 Nxd4 17. Bxd4 Rxc3 18. Bxc3 Rd8 19. Bxb7 Bxa2 20. Ra1 Bc4 21. Bf3 a6 22. Ra4 Bb5 23. Rd4 Rxd4 24. Bxd4 Ng7 25. Kf1 Ne6 26. Be3 Kf8 27. Ke1 Ke8 28. Kd2 Kd7 29. Kc3 Nc7 30. Bf4 Ne6 31. Be3 Nc7 32. Bb6 e5 33. e3 f5 34. Kb4 e4 35. Bd1 Kc6 36. Bxc7 Kxc7 37. Kc5 h6 38. Bb3 Bd7 39. Bc4 Kb7 40.
Kd6 Bc8 41. Ke5 g5 42. Be6 Bxe6 43. Kxe6 f4 44. gxf4 g4 45. f5 h5 46. f6 h4 47. f7 g3 48. fxg3 hxg3 49. hxg3 Kb6 50. f8=Q Kb5 51. Qa3 a5 52. b3 a4 53. Qxa4+ Kb6 54.
Qxe4 Kc7 55. g4 Kd8 56. g5 Kc7 57. g6 1-0

[Event "Early-Titled-Tuesday-Blitz-February-13-2024"]
[Site "Chess.com"]
[Date "2024.02.13"]
[Round "4"]
[White "wild3000"]
[Black "norwaytoadog"]
[Result "0-1"]
[WhiteElo "2401"]
[BlackElo "2209"]
[TimeControl "180+1"]
[EndTime "8:43:51 PST"]
[Termination "norwaytoadog won by checkmate"]

1. d4 Nf6 2. c4 e6 3. Nf3 Bb4+ 4.
Bd2 c5 5. dxc5 Bxc5 6. e3 O-O 7. Be2 d5 8. O-O Nc6 9. Nc3 a6 10. a3 dxc4 11. Bxc4 b5 12. Be2 Bb7 13. b4 Bb6 14. Rc1 Qe7 15. Qb3 Rfd8 16. Rfd1 e5 17. Ng5 h6 18.
Nge4 Nd4 19. Nxf6+ Qxf6 20. exd4 exd4 21. Nxb5 d3 22.
Bf3 Bxf3 23. gxf3 Qxf3 24. Be3 Bxe3 25. fxe3 Rd5 26. Qxd5 Qxd5 27. Nd4 Qg5+ 28. Kf2 Qh4+ 29. Kg2 Re8 30. Nf3 Qg4+ 31. Kf2 Re6 32. Rxd3 Rf6 33. e4 Qxe4 34. Rcc3 g5 35. Re3 Qd4 36. h3 h5 37. Rd3 Qb2+ 38. Re2 Qc1 39. Kg2 g4 40.
hxg4 hxg4 41. Ne1 Qf4 42. Rg3 Qf1+ 43. Kh2 Qxe2+ 44. Ng2 Rg6 45. a4 Rh6+ 46. Kg1 Qd1+ 47. Kf2 Rf6+ 48. Ke3 Rf3+ 49. Rxf3 Qxf3+ 50. Kd4 Qxg2 51. Kc5 Qb7 52. b5 axb5 53. axb5 g3 54. b6 g2 55.
Kb5 g1=Q 56. Kc4 Qc1+ 57. Kd3 Qd7+ 58. Ke4 Qe6+ 59. Kf3 Qf1+ 60. Kg3 Qg6+ 61. Kh2 Qfg2# 0-1

[Event "Early-Titled-Tuesday-Blitz-February-13-2024"]
[Site "Chess.com"]
[Date "2024.02.13"]
[Round "4"]
[White "FontVella8"]
[Black "thesupera12"]
[Result "1/2-1/2"]
[WhiteElo "2726"]
[BlackElo "2523"]
[TimeControl "180+1"]
[EndTime "8:43:52 PST"]
[Termination "Game drawn - insufficient material"]

1. Nf3 d5 2. b3 Bg4 3. Bb2 Bxf3 4.
exf3 e6 5. g3 Nf6 6. Bg2 c5 7.
O-O Nc6 8. d3 Be7 9. Nd2 O-O 10.
f4 Rc8 11. Re1 b5 12. a4 a6 13. Nf3 Qb6 14. Ne5 Nxe5 15. fxe5 Nd7 16. Qg4 c4 17. d4 cxb3 18. cxb3 Rc2 19. Bc1 Rfc8 20. Bh6 Bf8 21. a5 Qc7 22. Rec1 Rxc1+ 23. Rxc1 Qd8 24.
Rxc8 Qxc8 25. Be3 Qc2 26. Bxd5 exd5 27. Qxd7 Qxb3 28. Kg2 h6 29. e6 fxe6 30. Qxe6+ Kh7 31. Qxa6 Qb1 32. Qe6 Qa2 33. Qe8 Bb4 34. Qxb5 Qxa5 35.
Qd3+ Kg8 36. Qf5 Bc3 37. h4 Qa8 38. Qe6+ Kh8 39. g4 Bb4 40. Bf4 Qd8 41. Kg3 Be7 42.
h5 Bh4+ 43. Kf3 Bf6 44. Be5 Bxe5 45. Qxe5 Qf8+ 46. Kg3 Qa3+ 47. f3 Qb3 48. Kf4 Qb7 49. Qe8+ Kh7 50. Kf5 Qb3 51. Qg6+ Kg8 52. Qe6+ Kh7 53.
Qg6+ Kg8 54. Ke6 Qxf3 55. Qf5 Qe4+ 56. Kd6 Qxd4 57. Qxd5+ Qxd5+ 58. Kxd5 Kf7 59. Ke5 g6 60. Kf4 gxh5 61. gxh5 Kf6 62. Kg4 Ke5 63. Kh4 Kf4 64. Kh3 Kg5 65. Kh2 Kxh5 66. Kh1 Kg5 67. Kg1 h5 68. Kh1 h4 69. Kg1 h3 70. Kh1 Kg6 71. Kg1 Kg7 72. Kh1 h2 73. Kxh2 1/2-1/2

[Event "Early-Titled-Tuesday-Blitz-February-13-2024"]
[Site "Chess.com"]
[Date "2024.02.13"]
[Round "4"]
[White "chess_blitz00"]
[Black "karinachess1"]
[Result "1-0"]
[WhiteElo "2477"]
[BlackElo "2674"]
[TimeControl "180+1"]
[EndTime "8:43:52 PST"]
[Termination "chess_blitz00 won on time"]

1. Nc3 d5 2. d3 Nf6 3. e4 e5 4. Bg5 d4 5. Nd5 Be7 6. Nxe7 Qxe7 7. Qd2 O-O 8. h3 c5 9. f4 exf4 10. Qxf4 Nbd7 11. Nf3 h6 12. Bh4 Re8 13. Be2 Ne5 14.
O-O Ng6 15. Bxf6 Nxf4 16. Bxe7 Nxe2+ 17. Kf2 Rxe7 18. Kxe2 Be6 19. g4 Rd7 20. b3 Rc8 21. a4 f6 22. Rf2 Rf7 23. Rg1 Kf8 24. h4 Ke7 25. Nd2 Rh8 26. Nc4 h5 27. g5 Bg4+ 28. Ke1 Rff8 29. gxf6+ gxf6 30. Na5 Rb8 31. Rgf1 Rhf8 32.
Nc4 Ke6 33. Rg1 b6 34. Nd2 Rg8 35. Nf1 f5 36. exf5+ Bxf5 37. Rxg8 Rxg8 38. Kd2 Rg4 39. Nh2 Rxh4 40. Nf3 Rg4 41. Re2+ Kd6 42. Rh2 Bg6 43.
Ke2 Bf7 44. Kf2 a6 45. Rh4 b5 46. axb5 axb5 47. Rxg4 hxg4 48. Nh2 Be6 49. Kg3 c4 50. bxc4 bxc4 51. Nxg4 cxd3 52. cxd3 Kc5 53. Nf2 Bf5 54.
Kf4 Bg6 55. Ke5 1-0

[Event "Early-Titled-Tuesday-Blitz-February-13-2024"]
[Site "Chess.com"]
[Date "2024.02.13"]
[Round "4"]
[White "Dewarfd"]
[Black "NowInChess"]
[Result "1/2-1/2"]
[WhiteElo "2159"]
[BlackElo "2313"]
[TimeControl "180+1"]
[EndTime "8:43:52 PST"]
[Termination "Game drawn - insufficient material"]

1. d4 Nf6 2. e3 g6 3. Nf3 Bg7 4. b4 O-O 5. Bb2 d6 6. c4 Nbd7 7. Nc3 Re8 8. Be2 e5 9. O-O e4 10. Nd2 h5 11. d5 Nf8 12. Qc2 Bf5 13. Nb3 N8h7 14. Nd4 Bg4 15. h3 Bxe2 16. Ndxe2 h4 17. Nb5 Qd7 18. Bxf6 Bxf6 19. Rad1 Be5 20. Nbd4 Ng5 21.
f4 exf3 22. Nxf3 Nxf3+ 23. Rxf3 Bg7 24. Rdf1 Re7 25. Qd3 a5 26. a3 axb4 27. axb4 Ra2 28. c5 Qa4 29. cxd6 cxd6 30. Nc3 Bxc3 31. Qxc3 Qc2 32.
Qxc2 Rxc2 33. Rf4 Rd2 34. e4 Rb2 35. Rxh4 Rxb4 36. Re1 Re5 37. Rg4 Kg7 38. Kh2 f5 39.
Rg5 Kf6 40. Rg3 f4 41. Rf3 Rbxe4 42. Rxe4 Rxe4 43. g3 g5 44. gxf4 Rxf4 45. Rb3 Ke5 46. Rxb7 Kxd5 47. Kg3 Ke5 48. Re7+ Kf6 49. Rd7 Ke6 50.
Rg7 Rf5 51. Kg4 Re5 52. Rxg5 Rxg5+ 53. Kxg5 d5 54. h4 d4 55. h5 d3 56. h6 d2 57. h7 d1=Q 58. h8=Q Qg1+ 59. Kf4 Qf2+ 60. Ke4 Qe2+ 61. Kf4 Qd2+ 62. Ke4 Qc2+ 63. Kf4 Qf2+ 64.
Ke4 Qe2+ 65. Kf4 Qf1+ 66. Ke4 Qc4+ 67. Ke3 Qb3+ 68. Ke4 Qb1+ 69. Ke3 Qc1+ 70. Ke4 Qc2+ 71. Ke3 Qc1+ 72. Ke4 Qe1+ 73. Kf3 Qf1+ 74. Ke4 Qf5+ 75.
Ke3 Qe5+ 76. Qxe5+ Kxe5 1/2-1/2

[Event "Early-Titled-Tuesday-Blitz-February-13-2024"]
[Site "Chess.com"]
[Date "2024.02.13"]
[Round "4"]
[White "ansko1999"]
[Black "semchik73"]
[Result "1-0"]
[WhiteElo "2681"]
[BlackElo "2429"]
[TimeControl "180+1"]
[EndTime "8:43:54 PST"]
[Termination "ansko1999 won by checkmate"]

1. Nf3 d5 2. e3 Nf6 3. b3 g6 4.
Bb2 Bg7 5. c4 c6 6. Be2 O-O 7.
O-O Nbd7 8. Nc3 Ne4 9. Qc2 Ndf6 10. d3 Nxc3 11. Bxc3 Bf5 12. Qb2 dxc4 13. bxc4 Qb6 14.
Rab1 Qxb2 15. Rxb2 b6 16. a4 Rfd8 17. Rd1 Nd7 18.
Bxg7 Kxg7 19. Nd4 Rac8 20. g4 e5 21. Nxf5+ gxf5 22. gxf5 Nc5 23. a5 bxa5 24. Ra2 a4 25. d4 exd4 26. exd4 Ne4 27. Rd3 c5 28. d5 Rb8 29.
Re3 Nd6 30. Rxa4 Nxf5 31. Re5 Kf6 32. f4 Nd4 33. Rxa7 Rb6 34. Kf2 Rg8 35. Bh5 Rb2+ 36. Be2 Rg4 37. Ra6+ Kg7 38. Re4 Nxe2 39. Kf3 Rxf4+ 40.
Rxf4 Nxf4 41. Kxf4 Rb4 42. Ke5 Rxc4 43. d6 Rd4 44. Ra5 f6+ 45. Ke6 c4 46. d7 c3 47.
Rc5 Rd3 48. Ke7 Re3+ 49. Kd8 Rd3 50. Kc8 c2 51. Rxc2 Kg6 52. d8=Q Rxd8+ 53. Kxd8 f5 54.
Ke7 Kg5 55. Ke6 f4 56. Ke5 Kg4 57. Ke4 f3 58. Rf2 h5 59. Rxf3 h4 60. h3+ Kg5 61. Rf4 Kh5 62. Rg4 Kh6 63. Kf5 Kh5 64. Kf6 Kh6 65. Rxh4# 1-0

[Event "Early-Titled-Tuesday-Blitz-February-13-2024"]
[Site "Chess.com"]
[Date "2024.02.13"]
[Round "4"]
[White "Rurep26"]
[Black "dropstoneDP"]
[Result "1/2-1/2"]
[WhiteElo "2745"]
[BlackElo "3060"]
[TimeControl "180+1"]
[EndTime "8:43:55 PST"]
[Termination "Game drawn by repetition"]

1. d4 d5 2. Bf4 c5 3. e3 Nc6 4. c3 Nf6 5. Nd2 Bf5 6. Qb3 Qc8 7. dxc5 e6 8. Ngf3 Bxc5 9. Be2 O-O 10. h3 h6 11. O-O a6 12. Qd1 Ba7 13. Nd4 Bh7 14.
Rc1 Re8 15. N2f3 Ne4 16. Nxc6 bxc6 17. c4 Qb7 18. b3 Rad8 19. Qe1 Bb6 20. cxd5 cxd5 21.
Qb4 Qa7 22. Qa4 Nc5 23. Qa3 Nd3 24. Bxd3 Bxd3 25. Rfe1 f6 26. Bd6 e5 27. Bc5 Rc8 28. Bxb6 Qxb6 29. Qa4 Qb7 30. Qa5 Bb5 31. Qd2 Bd7 32.
Red1 Be6 33. Ne1 Rxc1 34. Rxc1 d4 35. exd4 Rd8 36. Nc2 Bf5 37. Ne3 Rxd4 38. Qa5 Be6 39. Rc7 Qb5 40. Qa3 Rd7 41. Rc8+ Kh7 42. Qf8 Rf7 43. Qg8+ Kg6 44. Rc1 Rc7 45. Qxe6 Rxc1+ 46. Kh2 Qc6 47. Qf5+ Kf7 48. Nc4 Rxc4 49. bxc4 Qxc4 50. Qd7+ Kg6 51. g3 Qxa2 52. Qg4+ Kh7 53. Qf5+ Kh8 54. Qc8+ Kh7 55. Qf5+ Kg8 56. Qc8+ Kf7 57. Qd7+ Kg6 58. Qg4+ Kh7 59. Qf5+ 1/2-1/2

[Event "Early-Titled-Tuesday-Blitz-February-13-2024"]
[Site "Chess.com"]
[Date "2024.02.13"]
[Round "4"]
[White "malakismayil"]
[Black "Roedor"]
[Result "1-0"]
[WhiteElo "2519"]
[BlackElo "2305"]
[TimeControl "180+1"]
[EndTime "8:43:55 PST"]
[Termination "malakismayil won by resignation"]

1. e4 e5 2. Nf3 Nc6 3. Bc4 Bc5 4. d3 Nf6 5. O-O d6 6. h3 a5 7. Nc3 h6 8. Be3 g5 9. Nh2 Rg8 10. Bxc5 dxc5 11. f3 h5 12. Qd2 Be6 13. Bxe6 fxe6 14. Qf2 Qd4 15. Nb5 Qxf2+ 16. Rxf2 O-O-O 17. Nf1 Ne7 18. Ne3 Ng6 19. Nc4 c6 20. Nbd6+ Kc7 21. Nf7 Rdf8 22. Nfxe5 Nxe5 23. Nxe5 b5 24. Raf1 Kd6 25.
d4 cxd4 26. Nd3 e5 27. a4 c5 28. axb5 c4 29. Nc1 Rb8 30. b3 Rgc8 31. bxc4 Rxc4 32. Nb3 Rxb5 33. Ra1 a4 34. Nd2 Rxc2 35. Rxa4 g4 36. Nc4+ Rxc4 37. Rxc4 g3 38. Rfc2 h4 39. Rc6+ Ke7 40.
Kf1 Nh5 41. R6c5 Rb1+ 42. Rc1 Rxc1+ 43. Rxc1 Nf4 44. Rc5 Kd6 45. Ra5 Nd3 46. Ra6+ Kc5 47. Rh6 Nf4 48. Rxh4 d3 49. Rxf4 exf4 50. Ke1 Kd4 51. Kd2 Kc4 52. h4 Kd4 53. h5 Ke5 54. Kxd3 Kf6 55. Kd4 Kg5 56. e5 Kxh5 57. Ke4 Kg5 58.
Kd5 1-0

[Event "Early-Titled-Tuesday-Blitz-February-13-2024"]
[Site "Chess.com"]
[Date "2024.02.13"]
[Round "4"]
[White "GOGIEFF"]
[Black "scarabee43"]
[Result "1-0"]
[WhiteElo "3020"]
[BlackElo "2872"]
[TimeControl "180+1"]
[EndTime "8:43:56 PST"]
[Termination "GOGIEFF won by resignation"]

1. c4 e6 2. Nf3 d5 3. g3 Nf6 4.
Bg2 Be7 5. O-O O-O 6. d4 Nbd7 7. Qc2 c6 8. Nbd2 b6 9. e4 dxc4 10. Nxc4 Ba6 11. b3 c5 12. d5 exd5 13. exd5 b5 14. Nce5 Nxe5 15. Nxe5 Bd6 16. Nc6 Qb6 17. Bb2 Nd7 18. Qf5 Bc8 19. Qh5 f5 20. Rae1 Bb7 21.
Re6 Qc7 22. Bxg7 Kxg7 23. Qh6+ Kh8 24. Rxd6 Rae8 25. Rg6 Nb6 26. Rg5 Qf7 27. Qd6 c4 28. h4 f4 29. Nxa7 Nd7 30. Nxb5 f3 31. Bh3 Nf6 32. Be6 Qe7 33. Qxe7 Rxe7 34. bxc4 Ne4 35. Nd6 Nxd6 36. Rc1 Ne4 37. Re5 Nc5 38. Re3 Rf6 39.
Rce1 Kg7 40. Bg4 Rxe3 41. Rxe3 Ba6 42. Rxf3 Rxf3 43. Bxf3 Bxc4 44. a3 Kf6 45. Kh2 Ke5 46. h5 Nd3 47. Kg1 Ne1 48. Bh1 Bb3 49. f4+ Kd6 50.
h6 Nc2 51. Be4 Nxa3 52. Bxh7 Bxd5 53. Bg6 Bg8 54. h7 Bxh7 55. Bxh7 Nc4 56. Kf2 Ke7 57. Kf3 Nd6 58. Bd3 Kf6 59. g4 Nf7 60. Bc4 Nd6 61.
g5+ Kg6 62. Bd3+ Kg7 63. Kg4 Ne8 64. f5 Nc7 65. f6+ Kf8 66. Kf5 Nd5 67. g6 Ne3+ 68. Kg5 Kg8 69. Be4 Kh8 70. g7+ Kg8 71. Kg6 1-0